[Event "*** Titled Tuesday Blitz"]
[Site "Chess.com"]
[Date "2019.06.04"]
[Round "5"]
[White "kleinebeer98"]
[Black "Bigfish1995"]
[Result "1-0"]
[WhiteElo "2723"]
[BlackElo "2952"]
[TimeControl "180+2"]
[EndTime "14:10:26 PDT"]
[Termination "kleinebeer98 won on time"]

1. e4 c5 2. Nf3 Nc6 3. c3 e6 4. d4 d5 5. exd5 exd5 6. Bb5 Bd6 7. O-O Ne7 8. h3 O-O 9. Re1 a6 10. Bd3 c4 11. Bc2 b5 12. Nbd2 f6 13. Nf1 Qc7 14. Ne3 Bd7 15. Nh4 f5 16. Qf3 Be6 17. Nxc4 dxc4 18. Rxe6 Qd7 19. Re2 f4 20. Bd2 g6 21.
Rae1 Rf6 22. Qg4 Qxg4 23. hxg4 Rd8 24. Nf3 Nd5 25. Be4 Bf8 26. Bxd5+ Rxd5 27. Re6 Rxe6 28. Rxe6 Rd6 29. Re4 Rd8 30. Bxf4 Ne7 31. Re6 Nd5 32. Bg5 Ra8 33. Re5 Nb6 34. Be7 Na4 35. Bxf8 Kxf8 36. Re2 Nb6 37. Ng5 Ra7 38. Ne6+ Kf7 39. Nd8+ Kf8 40. Nc6 Rc7 41. Nb4 a5 42. Na6 Ra7 43. Nc5 b4 44. Re5 a4 45. a3 b3 46. f4 Kf7 47. Kf2 Nc8 48. Ne4 Nb6 49. Rb5 Nc8 50.
Rc5 Ne7 51. Rxc4 Nd5 52. g3 Kg7 53. Rc5 Nb6 54. g5 h6 55. gxh6+ Kxh6 56. g4 Re7 57.
Kf3 Kg7 58. f5 gxf5 59. gxf5 Ra7 60. Nd6 Rd7 61. Nc4 Nd5 62. Ra5 Kf6 63. Rxa4 Rc7 64. Ne3 Ne7 65. Ra6+ Kg5 66. Rb6 Rc8 67. Rxb3 Rh8 68.
Rb7 Nc6 69. a4 Ra8 70. b3 Na5 71. Rb5 Nc6 72. Ke4 Nd8 73. c4 Nf7 74. c5 Kf6 75.
Nd5+ Kg5 76. c6 Nd6+ 77. Ke5 Nxf5 78. c7 Re8+ 79. Ne7 Rxe7+ 80. Kd5 Rxc7 81. Ke4 Rf7 82. a5 Kg6 83. Rb6+ Kg5 84. a6 Rd7 85. d5 Nd6+ 86. Ke5 Nc8 87. Rb7 Rd8 88. Rb8 1-0

[Event "*** Titled Tuesday Blitz"]
[Site "Chess.com"]
[Date "2019.06.04"]
[Round "6"]
[White "FERNANDEZL1983"]
[Black "KRASAVCHIK2002"]
[Result "1-0"]
[WhiteElo "2447"]
[BlackElo "2299"]
[TimeControl "180+2"]
[EndTime "14:12:28 PDT"]
[Termination "FERNANDEZL1983 won by resignation"]

1. d4 Nf6 2. c4 c5 3. dxc5 e5 4.
Nc3 Bxc5 5. e3 O-O 6. a3 b6 7. Nf3 Re8 8. Be2 Bb7 9. O-O d5 10. b4 Bf8 11. Bb2 dxc4 12. Qxd8 Rxd8 13. Nxe5 Rd2 14. Nxc4 1-0

[Event "*** Titled Tuesday Blitz"]
[Site "Chess.com"]
[Date "2019.06.04"]
[Round "6"]
[White "pedromartinez91"]
[Black "fish7728"]
[Result "1/2-1/2"]
[WhiteElo "2405"]
[BlackElo "2237"]
[TimeControl "180+2"]
[EndTime "14:13:48 PDT"]
[Termination "Game drawn by agreement"]

1. e4 c5 2. Nf3 Nc6 3. Bb5 g6 4. b4 Bg7 5. c3 cxb4 6. O-O bxc3 7. d4 c2 8. Qxc2 Nxd4 9. Nxd4 Bxd4 10. Bb2 Qb6 11.
Nc3 e6 12. Na4 Qxb5 13. Bxd4 f6 14. Rfc1 Kf7 15. Rab1 1/2-1/2

[Event "*** Titled Tuesday Blitz"]
[Site "Chess.com"]
[Date "2019.06.04"]
[Round "6"]
[White "savinspm"]
[Black "BillForster"]
[Result "0-1"]
[WhiteElo "2035"]
[BlackElo "1763"]
[TimeControl "180+2"]
[EndTime "14:13:59 PDT"]
[Termination "BillForster won by resignation"]

1. e4 c5 2. Nc3 a6 3. g3 b5 4. Bg2 Bb7 5. d3 e6 6. a4 Qb6 7. axb5 axb5 8. Rxa8 Bxa8 9. Be3 Nf6 10. h3 Be7 11. Nge2 O-O 12. O-O Nc6 13. d4 d6 14.
d5 exd5 15. Nxd5 Nxd5 16. exd5 Ne5 17. b3 Bb7 18. Qa1 Ra8 19. Qc3 Bf6 20. Qd3 Nxd3 21. cxd3 0-1

[Event "*** Titled Tuesday Blitz"]
[Site "Chess.com"]
[Date "2019.06.04"]
[Round "6"]
[White "dcremisi"]
[Black "hellokostya"]
[Result "0-1"]
[WhiteElo "2274"]
[BlackElo "2530"]
[TimeControl "180+2"]
[EndTime "14:14:08 PDT"]
[Termination "hellokostya won by resignation"]

1. d4 Nf6 2. c4 g6 3. Nc3 Bg7 4. e4 d6 5. Nf3 O-O 6. Be2 Na6 7.
O-O e5 8. dxe5 dxe5 9. Qxd8 Rxd8 10. Bg5 h6 11. Bh4 Re8 12. Rfd1 c6 13. Rd6 Nh5 14.
Rad1 g5 15. Bg3 Nf4 16. Bf1 Be6 17. b3 Bf8 18. R6d2 f6 19. Bxf4 gxf4 20. Nh4 Bb4 21. Rc2 Rad8 22. Rxd8 Rxd8 23. Be2 Nc5 24. f3 Bxc3 25. Rxc3 Rd2 26. Kf1 Rxa2 27. Ng6 Kf7 28.
Nh4 a5 29. Rc1 Nxb3 0-1

[Event "*** Titled Tuesday Blitz"]
[Site "Chess.com"]
[Date "2019.06.04"]
[Round "6"]
[White "dusanacns"]
[Black "kintoho"]
[Result "0-1"]
[WhiteElo "2643"]
[BlackElo "2548"]
[TimeControl "180+2"]
[EndTime "14:14:28 PDT"]
[Termination "kintoho won by resignation"]

1. e4 c6 2. d4 g6 3. Nc3 d5 4. Nf3 Bg7 5. Bf4 dxe4 6. Nxe4 Qa5+ 7. Bd2 Qb6 8. Bc4 Nd7 9. Qe2 Kf8 10. O-O-O Ngf6 11. Neg5 Nd5 12. Nxf7 Kxf7 13. Ng5+ Ke8 14. Qe6 Ne5 15.
Bxd5 Bxe6 16. Bxe6 Qxd4 0-1

[Event "*** Titled Tuesday Blitz"]
[Site "Chess.com"]
[Date "2019.06.04"]
[Round "6"]
[White "KhazarBabazada"]
[Black "Manukyan_Artak"]
[Result "1-0"]
[WhiteElo "2600"]
[BlackElo "2403"]
[TimeControl "180+2"]
[EndTime "14:14:32 PDT"]
[Termination "KhazarBabazada won by checkmate"]

1. Nf3 d5 2. g3 c6 3. Bg2 Bg4 4. O-O Nd7 5. b3 Ngf6 6. Bb2 e6 7. d3 Be7 8. Nbd2 O-O 9. e4 b5 10. Qe2 a5 11. h3 Bxf3 12. Bxf3 a4 13. e5 Ne8 14. Bg2 g6 15. f4 Ng7 16. g4 Qb6+ 17. Kh1 axb3 18. axb3 Qb7 19. f5 exf5 20.
gxf5 Nxf5 21. Rxf5 Rxa1+ 22. Bxa1 gxf5 23. e6 Nf6 24. Nf3 fxe6 25. Qxe6+ Kg7 26. Nh4 Rf7 27. Nxf5+ Kf8 28. Nh6 Qd7 29. Qxf7# 1-0

[Event "*** Titled Tuesday Blitz"]
[Site "Chess.com"]
[Date "2019.06.04"]
[Round "6"]
[White "raviteja81293"]
[Black "fastestmindalive"]
[Result "0-1"]
[WhiteElo "2577"]
[BlackElo "2796"]
[TimeControl "180+2"]
[EndTime "14:14:39 PDT"]
[Termination "fastestmindalive won by resignation"]

1. Nf3 Nf6 2. d4 e5 3. Nxe5 d6 4. Nf3 Bg4 5. g3 c6 6. Bg2 Be7 7. c4 h5 8. h3 Be6 9. b3 Qc8 10. Ng5 Bf5 11. e4 Bg6 12. Nc3 Nbd7 13. Be3 Qc7 14. Rc1 O-O-O 15. Nb5 Qa5+ 16. Bd2 Qb6 17. Nxd6+ Bxd6 18. c5 Nxc5 19. dxc5 Bxc5 20. Qe2 Rxd2 21.
Kxd2 Qa5+ 0-1

[Event "*** Titled Tuesday Blitz"]
[Site "Chess.com"]
[Date "2019.06.04"]
[Round "6"]
[White "Bad4life"]
[Black "LastHeroJr"]
[Result "0-1"]
[WhiteElo "2445"]
[BlackElo "2517"]
[TimeControl "180+2"]
[EndTime "14:14:53 PDT"]
[Termination "LastHeroJr won by resignation"]

1. e4 g6 2. d4 Nf6 3. Nc3 d5 4. exd5 Nxd5 5. Be2 Nxc3 6. bxc3 Bg7 7. Bf3 c5 8. Be3 Qa5 9. Bd2 O-O 10. Ne2 Nc6 11.
O-O Qa4 12. Be3 Rd8 13. Qe1 Qxc2 14. Rc1 Qxa2 15. Ra1 Qc4 16. d5 Ne5 17. Nf4 Nxf3+ 18. gxf3 Be5 19. Ne2 Rxd5 20. f4 Bg7 21. Ra5 b6 22.
Ra3 Bh3 0-1

[Event "*** Titled Tuesday Blitz"]
[Site "Chess.com"]
[Date "2019.06.04"]
[Round "6"]
[White "Filip_Covic"]
[Black "Haykos"]
[Result "1-0"]
[WhiteElo "2368"]
[BlackElo "2538"]
[TimeControl "180+2"]
[EndTime "14:15:00 PDT"]
[Termination "Filip_Covic won by resignation"]

1. d4 d5 2. Nf3 Nf6 3. Bf4 c5 4. e3 Nc6 5. Nbd2 cxd4 6. exd4 Bg4 7.
Be2 e6 8. O-O Bd6 9. Bxd6 Qxd6 10. c3 O-O 11. Ne5 Bxe2 12. Qxe2 a6 13. f4 Nd7 14.
Rae1 b5 15. Nb3 Rab8 16. Rf3 Rfe8 17. Rh3 f5 18. Rxh7 Kxh7 19. Qh5+ Kg8 20. Qf7+ Kh7 21. Re3 1-0

[Event "*** Titled Tuesday Blitz"]
[Site "Chess.com"]
[Date "2019.06.04"]
[Round "6"]
[White "Astaneh"]
[Black "BillieKimbah"]
[Result "0-1"]
[WhiteElo "2568"]
[BlackElo "2790"]
[TimeControl "180+2"]
[EndTime "14:15:02 PDT"]
[Termination "BillieKimbah won by resignation"]

1. d4 Nf6 2. Nc3 d5 3. Bf4 e6 4. e3 Bb4 5. Bd3 O-O 6. a3 Bxc3+ 7. bxc3 c5 8. dxc5 Qa5 9. Ne2 Qxc5 10. O-O Nc6 11.
Bg5 Ne4 12. Bxe4 dxe4 13. Bh4 e5 14. Qb1 b6 15. Rd1 Bg4 16. Re1 Be6 17. Qb2 f6 18.
h3 Rfd8 19. Rad1 Na5 20. Rxd8+ Rxd8 21. Ng3 Nc4 22. Qb4 Qxb4 23. axb4 g5 24. Nxe4 gxh4 25. Nxf6+ Kg7 26. Ne4 Bf5 27. Ng5 Kf6 28. Nf3 Bxc2 29.
Nxh4 Rd1 30. Rxd1 Bxd1 31. Kf1 a5 32. bxa5 bxa5 33. Ke1 Bc2 0-1

[Event "*** Titled Tuesday Blitz"]
[Site "Chess.com"]
[Date "2019.06.04"]
[Round "6"]
[White "2165149677570"]
[Black "jamengrand"]
[Result "0-1"]
[WhiteElo "2221"]
[BlackElo "2128"]
[TimeControl "180+2"]
[EndTime "14:15:02 PDT"]
[Termination "jamengrand won by checkmate"]

1. e4 c5 2. Nf3 Nc6 3. Bb5 e6 4. Nc3 Nd4 5. Nxd4 cxd4 6. Ne2 Bc5 7. d3 Qa5+ 8. c3 Qxb5 9. cxd4 Bxd4 10. Nxd4 Qb4+ 11. Ke2 Qxd4 12. Be3 Qxb2+ 13. Kf3 b6 14. Rc1 Bb7 15. g4 f5 16. gxf5 exf5 17. Kg3 Nf6 18. exf5 O-O 19. Re1 Rae8 20. Qa4 Qe5+ 21. Bf4 Qxf5 22.
Rxe8 Qg4# 0-1

[Event "*** Titled Tuesday Blitz"]
[Site "Chess.com"]
[Date "2019.06.04"]
[Round "6"]
[White "MathiasWomacka"]
[Black "quesfr"]
[Result "1-0"]
[WhiteElo "2302"]
[BlackElo "2167"]
[TimeControl "180+2"]
[EndTime "14:15:06 PDT"]
[Termination "MathiasWomacka won by resignation"]

1. e4 e5 2. Nf3 Nc6 3. Bb5 a6 4.
Bxc6 dxc6 5. O-O Bg4 6. h3 h5 7. d3 Qf6 8. Nbd2 g5 9. Nc4 Bxf3 10. Qxf3 Qxf3 11. gxf3 f6 12. h4 gxh4 13. f4 Bd6 14. fxe5 fxe5 15. f4 exf4 16. Bxf4 Kd7 17. Bxd6 cxd6 18.
Nb6+ 1-0

[Event "*** Titled Tuesday Blitz"]
[Site "Chess.com"]
[Date "2019.06.04"]
[Round "6"]
[White "kleinebeer98"]
[Black "Zhuu96"]
[Result "0-1"]
[WhiteElo "2719"]
[BlackElo "2952"]
[TimeControl "180+2"]
[EndTime "14:15:19 PDT"]
[Termination "Zhuu96 won by resignation"]

1. e4 c5 2. Nf3 d6 3. Nc3 Nf6 4. e5 dxe5 5. Nxe5 Qd6 6. Nc4 Qd8 7.
g3 Bd7 8. Ne5 Nc6 9. Nxd7 Qxd7 10.
Bg2 e6 11. O-O Be7 12. d3 O-O 13. Ne4 Nd5 14. Kh1 Rac8 15. c3 Rfd8 16. Qe2 b5 17.
Bd2 Nb6 18. d4 Nc4 19. Bg5 cxd4 20. Rad1 d3 21. Qh5 Nxb2 22. Rb1 Nc4 23. Rxb5 f5 24.
Nc5 Bxc5 25. Bxd8 Nxd8 26. a4 a6 27. Rbb1 Nd2 28. Rbd1 Nxf1 29. Rxd3 Qxd3 30. Qe8+ Bf8 0-1

[Event "*** Titled Tuesday Blitz"]
[Site "Chess.com"]
[Date "2019.06.04"]
[Round "6"]
[White "penguingm1"]
[Black "Korchmar_Vasiliy"]
[Result "1-0"]
[WhiteElo "2920"]
[BlackElo "2785"]
[TimeControl "180+2"]
[EndTime "14:15:19 PDT"]
[Termination "penguingm1 won by resignation"]

1. d4 d5 2. Bf4 c5 3. e3 Nf6 4.
dxc5 e6 5. b4 a5 6. c3 axb4 7.
cxb4 Nc6 8. Bb5 Bd7 9. Qb3 Ne4 10. Ne2 Qf6 11. Nbc3 g5 12. Bg3 h5 13. Rd1 Nxc3 14. Nxc3 h4 15. Bc7 Bg7 16. Na4 O-O 17. Nb6 Rad8 18.
Bxd8 Rxd8 19. Nxd7 Rxd7 20. h3 Qg6 21. Bxc6 bxc6 22. Qd3 f5 23. b5 cxb5 24. Qxb5 Bc3+ 25. Ke2 Rc7 26. Qb8+ 1-0

[Event "*** Titled Tuesday Blitz"]
[Site "Chess.com"]
[Date "2019.06.04"]
[Round "6"]
[White "Drags95"]
[Black "Alexander_Donchenko"]
[Result "1/2-1/2"]
[WhiteElo "2787"]
[BlackElo "2754"]
[TimeControl "180+2"]
[EndTime "14:15:20 PDT"]
[Termination "Game drawn by agreement"]

1. e4 e5 2. Nf3 Nf6 3. Nxe5 d6 4. Nf3 Nxe4 5. Nc3 Nxc3 6. dxc3 Be7 7. Bf4 Be6 8. Qd2 Nc6 9. O-O-O Qd7 10. h4 h6 11.
Nd4 Nxd4 12. cxd4 d5 13. Qa5 c6 14. f3 O-O 15. g4 Bd6 16. Qd2 Qc7 17. Bxd6 Qxd6 18.
Bd3 Rae8 19. Rhg1 Bd7 20. f4 Qe7 21. g5 hxg5 22. fxg5 Qe3 23. Rde1 Qxd2+ 24. Kxd2 g6 25. Rxe8 Rxe8 26. Re1 Rxe1 27. Kxe1 Kf8 28. c4 dxc4 29. Bxc4 Ke7 30. a3 Be6 31. Bd3 Kd6 32. Kd2 c5 33. Ke3 b6 34. dxc5+ Kxc5 35. Be2 Kd5 36. Ba6 Ke5 37. Bd3 Bd5 1/2-1/2

[Event "*** Titled Tuesday Blitz"]
[Site "Chess.com"]
[Date "2019.06.04"]
[Round "6"]
[White "mitrabhaa"]
[Black "Zq1"]
[Result "0-1"]
[WhiteElo "2683"]
[BlackElo "2528"]
[TimeControl "180+2"]
[EndTime "14:15:21 PDT"]
[Termination "Zq1 won by resignation"]

1. Nf3 d5 2. b3 c5 3. Bb2 f6 4. d3 e5 5. Nbd2 Nc6 6. g3 Be6 7. Bg2 Nh6 8. O-O Nf7 9. a3 Be7 10. c4 d4 11. Ne1 a5 12. Nc2 O-O 13. Qb1 Qd7 14. Rd1 Rab8 15. Nf1 b5 16. Qa2 a4 17. bxa4 bxc4 18. dxc4 Na5 19. Nd2 Nd6 20. Rac1 Ndxc4 21. Nxc4 Bxc4 22. Qa1 Nb3 23. Qa2 Bf7 24. Rb1 Nd2 25. Qa1 Nxb1 26. Rxb1 Qxa4 27. Ne1 c4 0-1

[Event "*** Titled Tuesday Blitz"]
[Site "Chess.com"]
[Date "2019.06.04"]
[Round "6"]
[White "m3alam"]
[Black "PowerThinking2650"]
[Result "1-0"]
[WhiteElo "2355"]
[BlackElo "2348"]
[TimeControl "180+2"]
[EndTime "14:15:28 PDT"]
[Termination "m3alam won by resignation"]

1. d4 Nf6 2. Nf3 g6 3. g3 Bg7 4. Bg2 O-O 5. O-O d6 6. c4 Nbd7 7. Nc3 e5 8. dxe5 dxe5 9. Qc2 c6 10. Rd1 Qe7 11. e4 Nc5 12. h3 Re8 13. Be3 Nfd7 14. Rd2 Nf8 15. Rad1 h6 16. b4 Nce6 17. Qb3 f5 18. c5 Kh7 19. exf5 gxf5 20. Qc2 Qf7 21. Nh4 Ng5 22. g4 Ng6 23. Nxf5 Kh8 24. Nd6 Rf8 25. Nxf7+ 1-0

[Event "*** Titled Tuesday Blitz"]
[Site "Chess.com"]
[Date "2019.06.04"]
[Round "6"]
[White "ChessWeebs"]
[Black "igorkovalenko"]
[Result "1/2-1/2"]
[WhiteElo "2791"]
[BlackElo "2894"]
[TimeControl "180+2"]
[EndTime "14:15:31 PDT"]
[Termination "Game drawn by repetition"]

1. d4 Nf6 2. Bg5 g6 3. Bxf6 exf6 4. g3 d5 5. Bg2 c6 6. e3 h5 7. h3 h4 8. g4 f5 9. Nd2 Bd6 10. Qe2 fxg4 11. hxg4 Qg5 12. Bh3 Qe7 13. O-O-O Na6 14. f4 Bd7 15. g5 O-O-O 16. Ndf3 Rde8 17. Ne5 Bxh3 18. Rxh3 Bxe5 19. dxe5 Qe6 20. Qh2 d4 21.
exd4 Qxa2 22. c3 Qa1+ 23. Kc2 Qa4+ 24. Kd2 Qa2 25. Kc1 Qa1+ 26. Kc2 Qa4+ 27. Kd2 Qa2 28. Kc1 1/2-1/2

[Event "*** Titled Tuesday Blitz"]
[Site "Chess.com"]
[Date "2019.06.04"]
[Round "6"]
[White "JozefKneht"]
[Black "LawrenceTrent"]
[Result "1-0"]
[WhiteElo "2523"]
[BlackElo "2673"]
[TimeControl "180+2"]
[EndTime "14:15:42 PDT"]
[Termination "JozefKneht won by resignation"]

1. e4 c5 2. Nf3 Nc6 3. d4 cxd4 4.
Nxd4 Nf6 5. Nc3 d6 6. Bg5 e6 7. Qd2 Qb6 8. O-O-O Nxd4 9. Qxd4 Qxd4 10. Rxd4 a6 11.
Be2 Be7 12. Rhd1 Bd7 13. f4 Bc6 14. Bf3 h6 15. Bh4 O-O 16. e5 dxe5 17. fxe5 Nd5 18.
Nxd5 Bxh4 19. Rxh4 exd5 20. Bxd5 Rfe8 21. Bxc6 bxc6 22.
Re4 Re6 23. Rd6 Rae8 24. Rxe6 Rxe6 25. Kd2 f6 26. Ra4 Rxe5 27. Rxa6 Rg5 28. g3 Rh5 29. Rxc6 Rxh2+ 30. Ke3 h5 31. a4 h4 32. gxh4 Rxh4 33.
a5 Ra4 34. a6 Kf7 35. b3 Ra1 36. b4 g5 37. b5 g4 38. Kf4 f5 39. Kxf5 g3 40. Rf6+ Ke7 41. Rg6 1-0

[Event "*** Titled Tuesday Blitz"]
[Site "Chess.com"]
[Date "2019.06.04"]
[Round "6"]
[White "aquaticpineapples"]
[Black "Rhinos1"]
[Result "1-0"]
[WhiteElo "2160"]
[BlackElo "2065"]
[TimeControl "180+2"]
[EndTime "14:15:43 PDT"]
[Termination "aquaticpineapples won by checkmate"]

1. d4 g6 2. Nf3 Bg7 3. e4 d6 4.
Bd3 c6 5. O-O Nf6 6. Nbd2 O-O 7.
Qe2 Nbd7 8. Re1 e5 9. c3 a5 10.
a4 Nh5 11. Nc4 exd4 12. cxd4 Qe7 13. e5 dxe5 14. dxe5 Nc5 15. Bc2 Bg4 16. h3 Bxf3 17. Qxf3 Bxe5 18. Rxe5 Qxe5 19. Nxe5 Rae8 20. Bf4 Ne6 21.
Bh2 Nd4 22. Qd3 Rd8 23. Ng4 Rfe8 24. Qc4 Re2 25. Bd3 Rxb2 26. Be5 b5 27. Nh6+ Kf8 28. Qxf7# 1-0

[Event "*** Titled Tuesday Blitz"]
[Site "Chess.com"]
[Date "2019.06.04"]
[Round "6"]
[White "PaulfromSPb"]
[Black "SloLev"]
[Result "1-0"]
[WhiteElo "2665"]
[BlackElo "2497"]
[TimeControl "180+2"]
[EndTime "14:15:47 PDT"]
[Termination "PaulfromSPb won by resignation"]

1. e4 e5 2. Nf3 Nc6 3. Bc4 Bc5 4. c3 d6 5. d4 exd4 6. cxd4 Bb4+ 7. Nc3 Nf6 8. Qb3 O-O 9. Bg5 h6 10. Bxf6 Qxf6 11.
O-O Bxc3 12. Qxc3 Bg4 13. e5 dxe5 14. Nxe5 Bh5 15. Nd7 Qxd4 16. Qxd4 Nxd4 17. Nxf8 Kxf8 18. f3 Nc2 19. Rac1 Bg6 20. Bb3 Nd4 21. Rxc7 Rb8 22.
Rd1 Nxb3 23. axb3 Bf5 24. b4 Be6 25. b5 Bc4 26. Rxc4 1-0

[Event "*** Titled Tuesday Blitz"]
[Site "Chess.com"]
[Date "2019.06.04"]
[Round "6"]
[White "TBergh98"]
[Black "Borsuk_Konstantin"]
[Result "0-1"]
[WhiteElo "2399"]
[BlackElo "2596"]
[TimeControl "180+2"]
[EndTime "14:15:49 PDT"]
[Termination "Borsuk_Konstantin won by checkmate"]

1. d4 Nf6 2. Bg5 e6 3. e4 h6 4. Bxf6 Qxf6 5. Nf3 d6 6. Nc3 Qd8 7. Qd2 a6 8. O-O-O b5 9. Kb1 Nd7 10. Bd3 Nb6 11. Rhe1 Bd7 12. Ne2 a5 13. e5 d5 14.
Nf4 Nc4 15. Qe2 Qe7 16. h4 a4 17. g4 Nxb2 18. Kxb2 Qb4+ 19. Kc1 Qc3 20. Bxb5 Ba3+ 21.
Kb1 Qb2# 0-1

[Event "*** Titled Tuesday Blitz"]
[Site "Chess.com"]
[Date "2019.06.04"]
[Round "6"]
[White "Jahonas"]
[Black "vladimirdamjanovic"]
[Result "0-1"]
[WhiteElo "2321"]
[BlackElo "2496"]
[TimeControl "180+2"]
[EndTime "14:15:52 PDT"]
[Termination "vladimirdamjanovic won by resignation"]

1. d4 Nf6 2. c4 c5 3. Nf3 cxd4 4. Nxd4 e5 5. Nc2 d5 6. cxd5 Qxd5 7. Qxd5 Nxd5 8. a3 Bf5 9. Ne3 Nxe3 10. Bxe3 Nc6 11. Nc3 O-O-O 12. f3 Nd4 13. Bxd4 exd4 14. Nd1 Bd6 15. Kf2 Rhe8 16. Rc1+ Kb8 17. e4 dxe3+ 18.
Nxe3 Bf4 19. Rc3 Rd2+ 20. Be2 Rxb2 21. g3 Be5 0-1

[Event "*** Titled Tuesday Blitz"]
[Site "Chess.com"]
[Date "2019.06.04"]
[Round "6"]
[White "xberli"]
[Black "Rakesh"]
[Result "1-0"]
[WhiteElo "2478"]
[BlackElo "2236"]
[TimeControl "180+2"]
[EndTime "14:15:53 PDT"]
[Termination "xberli won by resignation"]

1. e4 c5 2. Nf3 e6 3. d4 cxd4 4. Nxd4 a6 5. c4 Nf6 6. Nc3 Bb4 7. Qd3 Nc6 8. Nxc6 dxc6 9. Qxd8+ Kxd8 10. e5 Ne4 11. a3 Bxc3+ 12. bxc3 Nxc3 13. Bd3 Bd7 14. Be3 Kc7 15. Bc2 b5 16. Kd2 Na4 17. Bxa4 bxa4 18. Bc5 f6 19. Bd6+ Kc8 20. Rab1 fxe5 21. Rb6 Be8 22. Rhb1 Bg6 23. R1b2 Rd8 24. c5 Kd7 25. Rb7+ Ke8 26. Rxg7 Rxd6+ 27. cxd6 Kf8 28. Rgb7 Rd8 29. Rb8 Ke8 30. Rxd8+ Kxd8 31. Rb7 c5 32. Rc7 c4 33. Kc3 Bd3 34. f3 a5 35. g4 h6 36. h4 Be2 37.
g5 hxg5 38. hxg5 e4 39. fxe4 1-0

[Event "*** Titled Tuesday Blitz"]
[Site "Chess.com"]
[Date "2019.06.04"]
[Round "6"]
[White "H3nriqueTV"]
[Black "mjray79"]
[Result "1-0"]
[WhiteElo "2175"]
[BlackElo "2094"]
[TimeControl "180+2"]
[EndTime "14:15:54 PDT"]
[Termination "H3nriqueTV won by resignation"]

1. e4 e5 2. Nf3 Nc6 3. Bc4 Bc5 4. O-O Nf6 5. d3 O-O 6. c3 d5 7. Bb3 dxe4 8. dxe4 Qxd1 9. Rxd1 Nxe4 10. Rf1 Nf6 11. Nbd2 Bg4 12. h3 Bh5 13. Ng5 Bg6 14. Re1 h6 15.
Ngf3 e4 16. Nh2 Rfe8 17. Ndf1 Rad8 18. Bf4 Bb6 19. Ng3 Nh5 20. Nxh5 Bxh5 21. Nf1 g5 22. Bh2 Bg6 23. Ng3 e3 24. fxe3 Rxe3 25. Kh1 Rd2 26. Rxe3 Bxe3 27. Nf1 Rxb2 28. Nxe3 Kg7 29. Bxc7 f5 30. Rd1 f4 31. Ng4 h5 32. Rd7+ Kf8 33. Nf6 Ne7 34. Bd6 Re2 35. Nd5 Be4 36. Bxe7+ Kg7 37. Bxg5+ Kg6 38. Nxf4+ 1-0

[Event "*** Titled Tuesday Blitz"]
[Site "Chess.com"]
[Date "2019.06.04"]
[Round "6"]
[White "csati17"]
[Black "Swarnapuri"]
[Result "0-1"]
[WhiteElo "2509"]
[BlackElo "2701"]
[TimeControl "180+2"]
[EndTime "14:15:56 PDT"]
[Termination "Swarnapuri won by resignation"]

1. c4 Nc6 2. Nc3 e5 3. g3 Nf6 4. Bg2 Bb4 5. Nd5 O-O 6. Nxb4 Nxb4 7. Nf3 e4 8. Nd4 c5 9. Nb5 d5 10. cxd5 Nbxd5 11. O-O Bf5 12. b3 Qd7 13. Na3 Bh3 14. Bb2 Rad8 15. Qc2 b6 16. Rfd1 Bxg2 17. Kxg2 Qg4 18.
Bxf6 Nf4+ 19. Kh1 Nxe2 20. Kg2 gxf6 21. Nc4 Qf3+ 22. Kf1 Nd4 0-1

[Event "*** Titled Tuesday Blitz"]
[Site "Chess.com"]
[Date "2019.06.04"]
[Round "6"]
[White "Slovak_fighter2000"]
[Black "olksuna"]
[Result "1/2-1/2"]
[WhiteElo "2493"]
[BlackElo "2480"]
[TimeControl "180+2"]
[EndTime "14:15:58 PDT"]
[Termination "Game drawn by repetition"]

1. d4 d5 2. Nf3 Nf6 3. Bf4 g6 4. e3 Bg7 5. Be2 O-O 6. O-O Bg4 7. h3 Bxf3 8. Bxf3 c6 9. Nd2 Nbd7 10. c3 Re8 11. e4 dxe4 12. Nxe4 Nd5 13. Bg3 a5 14. a4 e5 15. Nd6 Re6 16. dxe5 Nxe5 17. Bxe5 Rxe5 18.
Nc4 Re7 19. Bxd5 cxd5 20. Ne3 d4 21. cxd4 Bxd4 22. Qb3 Bxe3 23. fxe3 Qd2 24. Rf3 Rd8 25. Raf1 Qd5 26. Qc3 Rdd7 27. Qc8+ Kg7 28. Qc3+ Kg8 29. Qc8+ Rd8 30. Qc3 Qd2 31. Qb3 Qd5 32. Qc3 1/2-1/2

[Event "*** Titled Tuesday Blitz"]
[Site "Chess.com"]
[Date "2019.06.04"]
[Round "6"]
[White "wonderfultime"]
[Black "jacky72"]
[Result "1-0"]
[WhiteElo "3022"]
[BlackElo "2727"]
[TimeControl "180+2"]
[EndTime "14:16:01 PDT"]
[Termination "wonderfultime won by checkmate"]

1. d4 Nf6 2. Nf3 g6 3. Bg5 Bg7 4. Nbd2 d5 5. e3 O-O 6. Bd3 b6 7. O-O c5 8. c3 Nc6 9. h3 h6 10. Bh4 Re8 11. Ne5 Bb7 12. f4 c4 13. Bc2 b5 14. a3 a5 15. Qf3 Qd6 16. Bg3 Qd8 17. f5 g5 18. h4 Nh7 19. hxg5 Nxg5 20.
Qh5 Nxe5 21. dxe5 Qb6 22. Rae1 f6 23. e6 b4 24. Nf3 bxc3 25. Nxg5 Rf8 26. Nf7 d4 27.
Rf4 d3 28. Rg4 Qc6 29. Rxg7+ Kxg7 30. Qg6# 1-0

[Event "*** Titled Tuesday Blitz"]
[Site "Chess.com"]
[Date "2019.06.04"]
[Round "6"]
[White "PulpanJ"]
[Black "Pechen_Yeltsina"]
[Result "0-1"]
[WhiteElo "2641"]
[BlackElo "2697"]
[TimeControl "180+2"]
[EndTime "14:16:09 PDT"]
[Termination "Pechen_Yeltsina won by resignation"]

1. e4 g6 2. d4 Bg7 3. Nf3 d6 4. Nc3 a6 5. a4 b6 6. Be2 e6 7. O-O Bb7 8. Be3 Nd7 9. Nd2 Ne7 10. f3 O-O 11. Qe1 f5 12. Qh4 Nc6 13. Qxd8 Raxd8 14. Nb3 fxe4 15. fxe4 Nb4 16. Rxf8+ Rxf8 17. Rc1 c5 18. Bg4 Kf7 19. d5 exd5 20. Bxd7 d4 21. Bxd4 cxd4 22. Ne2 Ke7 23. Bh3 Bh6 24. Rd1 Bxe4 25. Nexd4 Be3+ 26. Kh1 Nxc2 27. Nxc2 Bxc2 28. Re1 Kd8 29. g4 Bf2 0-1

[Event "*** Titled Tuesday Blitz"]
[Site "Chess.com"]
[Date "2019.06.04"]
[Round "6"]
[White "RitvarsReimanis"]
[Black "tbalabayev"]
[Result "1/2-1/2"]
[WhiteElo "2616"]
[BlackElo "2372"]
[TimeControl "180+2"]
[EndTime "14:16:09 PDT"]
[Termination "Game drawn by agreement"]

1. d4 Nf6 2. e3 d6 3. f4 Nbd7 4. Nf3 g6 5. Bc4 Bg7 6. O-O O-O 7. Nbd2 b6 8. c3 Bb7 9. a4 a6 10. Qe2 c5 11. b4 cxb4 12. cxb4 a5 13. bxa5 bxa5 14. Bb5 Nb6 15. Ba3 Ne4 16. Nxe4 Bxe4 17. Nd2 Bd5 18. Rac1 Rc8 19. Qd3 f5 20. Bb2 e6 21.
Bc3 Nd7 22. Bxa5 Qxa5 23. Bxd7 Rxc1 24. Rxc1 Rb8 25. Bb5 Qa8 26. Qe2 e5 27. dxe5 dxe5 28. Rc5 Kh8 29. fxe5 Bxe5 30. Nf3 Bg7 31. Qd1 Rd8 32.
Qe2 Qa7 33. Qc2 1/2-1/2

[Event "*** Titled Tuesday Blitz"]
[Site "Chess.com"]
[Date "2019.06.04"]
[Round "6"]
[White "SanchezKelvin"]
[Black "orrbaverlekszarnyon"]
[Result "1-0"]
[WhiteElo "2450"]
[BlackElo "2232"]
[TimeControl "180+2"]
[EndTime "14:16:13 PDT"]
[Termination "SanchezKelvin won by resignation"]

1. d4 d5 2. c4 e6 3. Nf3 c5 4. cxd5 exd5 5. Nc3 Nc6 6. g3 Nf6 7. Bg2 Be7 8. O-O O-O 9. Bg5 c4 10. Ne5 Be6 11. f4 h6 12. Bh4 Qb6 13. f5 Bc8 14. Bxf6 Bxf6 15. Nxd5 Qxd4+ 16. Qxd4 Nxd4 17. Nxf6+ gxf6 18. Nxc4 Nxf5 19. e4 Nd4 20. Rad1 Rd8 21. Ne3 Be6 22. Nd5 Bxd5 23. exd5 Nb5 24. Rxf6 Kg7 25.
Rdf1 Rd7 26. Bh3 Rxd5 27. Rxf7+ Kg8 28. Rxb7 Rf8 29. Be6+ 1-0